 Dungeon Crawl Stone Soup version 0.25-a0-479-g8579842fd4 (webtiles) character file.

Game seed: 13211471500162635024, levelgen mode: deterministic

57383 Eurus the Thaumaturge (level 14, 0/98 HPs)
             Began as a Mummy Conjurer on Feb 9, 2020.
             Was an Elder of Ashenzari.
             Slain by a fire elemental (4 damage)
             ... led by Azrael
             ... on level 12 of the Dungeon.
             The game lasted 01:47:23 (37501 turns).

Eurus the Thaumaturge (Mummy Conjurer)             Turns: 37501, Time: 01:47:23

Health: 0/98       AC: 18    Str: 13    XL:     14   Next: 45%
Magic:  22/29      EV: 10    Int: 21    God:    Ashenzari [****..]
Gold:   1535       SH: 11    Dex: 12    Spells: 15/36 levels left

rFire    . . .     SeeInvis +   m - +9 spear (drain)
rCold    + . .     Gourm    .   h - +0 shield
rNeg     + + +     Faith    .   i - +3 ring mail {rF+}
rPois    ∞         Spirit   .   g - +2 helmet (curse)
rElec    .         Reflect  .   k - +1 cloak
rCorr    .         Harm     .   v - +0 pair of gloves
MR       +....     Clarity  +   s - +0 pair of boots
Stlth    +.........             r - amulet of magic regeneration (curse)
HPRegen  0.26/turn              j - ring of wizardry (curse)
MPRegen  0.46/turn              w - +3 ring of intelligence

@: no status effects
A: no food or potions, fire vulnerability, cold resistance 1, negative energy
resistance 3, torment resistance, unbreathing, in touch with death 1
a: Curse Item, Scrying, Renounce Religion


You were on level 12 of the Dungeon.
You worshipped Ashenzari.
Ashenzari was greatly pleased with you.
You were not hungry.

You visited 4 branches of the dungeon, and saw 21 of its levels.
You also visited: Sewer.

You collected 1535 gold pieces.

Inventory:

Hand Weapons
 m - a +9 spear of draining (weapon)
Armour
 d - the +3 hat of Pondering {ponderous, MR+ MP+10 Int+5}
   (You took it off Gastronok on level 9 of the Dungeon)

   It affects your intelligence (+5).
   It affects your resistance to hostile enchantments.
   It affects your magic capacity (+10).
   If you switch to wearing this armour, your AC will rise 0 points (18 -> 18)
 g - a cursed +2 helmet (worn)
 h - a +0 shield (worn)
 i - a +3 ring mail of fire resistance (worn)
 k - a +1 cloak (worn)
 s - a +0 pair of boots (worn)
 v - a +0 pair of gloves (worn)
Jewellery
 j - a cursed ring of wizardry (left hand)
 p - an uncursed ring of ice
 r - a cursed amulet of magic regeneration (around neck)
 w - a +3 ring of intelligence (right hand)
Wands
 b - a wand of disintegration (19)
 o - a wand of iceblast (6)
 q - a wand of random effects (20)
 u - a wand of digging (10)
 z - a wand of flame (12)
Scrolls
 a - 8 scrolls of identify
 c - a scroll of remove curse
 e - 4 scrolls of teleportation
 f - a scroll of fog
 l - 3 scrolls of enchant armour
 n - 4 scrolls of magic mapping
 t - a scroll of amnesia
 x - a scroll of enchant weapon
 y - 2 scrolls of blinking


   Skills:
 + Level 5.5 Fighting
 - Level 9.0 Armour
 - Level 1.5 Dodging
 - Level 1.5 Stealth
 + Level 9.8 Shields
 + Level 11.7 Spellcasting
 + Level 10.7(12.8) Conjurations
 - Level 9.0(11.2) Translocations
 - Level 2.8(4.7) Transmutations
 + Level 2.1(3.9) Air Magic
 - Level 4.0(6.1) Earth Magic


You had 15 spell levels left.
You knew the following spells:

 Your Spells              Type           Power        Failure   Level  Hunger
a - Magic Dart            Conj           ####         1%          1    N/A
b - Searing Ray           Conj           ######       1%          2    N/A
c - Iskenderun's Mystic   Conj/Tloc      ######..     1%          4    N/A
d - Passwall              Tmut/Erth      #####...     1%          2    N/A
e - Gell's Gravitas       Tloc           ######....   1%          3    N/A
f - Passage of Golubria   Tloc           N/A          1%          4    N/A
g - Lightning Bolt        Conj/Air       #####.....   8%          5    N/A

Your spell library contained the following spells:

 Spells                   Type           Power        Failure   Level  Hunger
 Apportation              Tloc           ######       1%          1    N/A
 Shock                    Conj/Air       ####         1%          1    N/A
 Sticks to Snakes         Tmut           ####....     1%          2    N/A
 Dazzling Flash           Conj/Hex       #####.       1%          3    N/A
 Lesser Beckoning         Tloc           ######....   1%          3    N/A
 Static Discharge         Conj/Air       #####...     1%          3    N/A
 Swiftness                Chrm/Air       ###.....     5%          2    N/A
 Fulminant Prism          Conj/Hex       #####.....   6%          4    N/A
 Animate Skeleton         Necr           N/A          8%          1    N/A
 Corona                   Hex            ##.....      8%          1    N/A
 Summon Butterflies       Summ           ##......     8%          1    N/A
 Summon Small Mammal      Summ           ##..         8%          1    N/A
 Petrify                  Tmut/Erth      #####...     9%          4    N/A
 Airstrike                Air            ####......   16%         4    N/A
 Lee's Rapid Deconstruct  Erth           #####.....   17%         5    N/A
 Confusing Touch          Hex            ##......     21%         3    N/A
 Tukima's Dance           Hex            ##......     21%         3    N/A
 Alistair's Intoxication  Tmut/Pois      ###.....     58%         5    N/A
 Yara's Violent Unravell  Hex/Tmut       ###.......   58%         5    N/A
 Metabolic Englaciation   Hex/Ice        ##........   86%         5    N/A
 Darkness                 Hex            ##........   100%        6    N/A
 Invisibility             Hex            ##......     100%        6    N/A
 Beastly Appendage        Tmut           Unusable     N/A         1    N/A
 Spider Form              Tmut/Pois      Unusable     N/A         3    N/A
 Ice Form                 Ice/Tmut       Unusable     N/A         4    N/A
 Blade Hands              Tmut           Unusable     N/A         5    N/A

Dungeon Overview and Level Annotations

Branches:
Dungeon (13/15)            Temple (1/1) D:5            Lair (6/6) D:8
 Shoals (0/4) Lair:4       Spider (0/4) Lair:2        Slime (0/5) Lair:5
    Orc (1/2) D:12         Vaults (0/5) D:13          Sewer (visited)

Altars:
Ashenzari
Cheibriados
Dithmenos
Elyvilon
Fedhas
Gozag
Hepliaklqana
Kikubaaqudgha
Makhleb
Nemelex Xobeh
Okawaru
Qazlal
Ru
Sif Muna
Trog
Uskayaw
Vehumet
Wu Jian
Xom
Yredelemnul
Zin
The Shining One
Beogh
Jiyva

Shops:
D:8 }

Annotations:
D:13 Azrael
Lair:3 exclusion: lindwurm


Innate Abilities, Weirdness & Mutations

You do not eat or drink.
Your flesh is vulnerable to fire.
You are immune to poison.
Your flesh is cold resistant. (rC+)
You are immune to negative energy. (rN+++)
You are immune to unholy pain and torment.
You can survive without breathing.
You are in touch with the powers of death.


Message History

The searing ray misses the fire elemental. (Press . to maintain the ray.)
The fire elemental hits you. The fire elemental burns you!
* * * LOW HITPOINT WARNING * * *
The fire elemental barely misses you.
The searing ray hits the fire elemental.
The fire elemental is lightly damaged.
You block the fire elemental's attack.
The searing ray misses the fire elemental.
The fire elemental hits you. The fire elemental burns you!
* * * LOW HITPOINT WARNING * * *
The searing ray hits the fire elemental!
The fire elemental is heavily damaged.
You finish channeling your searing ray.
You block the fire elemental's attack. x2
Casting: Searing Ray (safe; 1% risk of failure)
Confirm with . or Enter, or press ? or * to list all spells.
You erupt in a blast of force!
The mystic blast misses the fire elemental.
The fire elemental hits you. The fire elemental burns you!
You die...

##...##..## #....#.###...#....
##..#...# ##.#...............
##....#### #..####............
##......###.## ##..##.##....
##..........## #..##...#...#
##............####.###.##..... #
##..............##..##.###.....
###....#.....#..E.....#### #.....
.......#...####.@....## ##.....
####..##...# ##.)...# ##......
##^.#..## #.....#####.......
#..#..## ###............!..#
##.#...####................##
#......>........####.......#
#...........###..##....##..##
##..........####...#....##...#
####..##.........#.........###.(.


You could see a fire elemental.

Vanquished Creatures
  Gastronok (D:9)
  Josephine (Lair:5)
  Harold (D:7)
  6 hydras
  Erica (D:8)
  A tengu warrior (D:10)
  7 two-headed ogres
  2 ogre magi
  3 death yaks
  Urug (D:13)
  An unseen horror (D:10)
  An orc knight (D:12)
  An ugly thing (D:12)
  An oklob plant (Lair:5)
  A manticore (D:13)
  A deep elf mage (D:12)
  7 elephants
  A merfolk siren (Lair:4)
  Maurice (D:8)
  6 black mambas
  A gargoyle (D:13)
  Joseph (D:8)
  5 spiny frogs
  4 komodo dragons
  4 kobold demonologists (D:13)
  A rime drake (Lair:5)
  6 trolls
  3 merfolk (Lair:4)
  2 jumping spiders (Lair:2)
  3 hornets
  4 blink frogs (Lair:5)
  5 dream sheep (Lair:5)
  7 slime creatures
  A meliai zombie (D:12)
  7 hippogriffs
  Sigmund (D:6)
  A redback (Lair:2)
  A shadow (D:12)
  5 wraiths
  2 vampires (D:11)
  3 wyverns
  Eustachio (D:5)
  31 yaks
  A hungry ghost (D:11)
  Menkaure (D:6)
  10 water moccasins
  13 porcupines
  Duvessa (D:5)
  4 ice beasts
  A black bear (D:9)
  10 orc warriors
  A necrophage (D:5)
  4 sky beasts
  9 ogres
  4 phantoms
  35 wolves
  4 centaurs
  12 crocodiles
  Blork the orc (D:6)
  2 big kobolds (D:13)
  19 bullfrogs
  2 gnoll sergeants
  2 wyvern zombies
  A water moccasin zombie (D:9)
  A water moccasin skeleton (D:6)
  Dowan (D:5)
  7 scorpions
  7 killer bees
  9 wights
  6 howler monkeys
  An electric eel (Lair:3)
  7 crimson imps
  2 centaur zombies
  A lava snake (Lair:5)
  3 bullfrog zombies
  A jelly (D:12)
  2 quasits
  3 hounds
  Crazy Yiuf (D:7)
  11 orc priests
  2 bullfrog skeletons
  2 iguanas
  13 worker ants
  Natasha (thrice) (D:4 D:3)
  19 orc wizards
  A hound zombie (D:6)
  A howler monkey zombie (D:6)
  2 worker ant zombies
  Robin (D:4)
  21 gnolls
  18 adders
  7 river rats (Sewer)
  4 shadow imps
  2 adder skeletons
  3 worms
  A dart slug (D:1)
  7 leopard geckos
  61 orcs
  4 giant cockroaches
  21 goblins
  5 hobgoblins
  3 jackals
  25 kobolds
  2 quokkas (D:5)
  7 ball pythons
  11 bats
  10 frilled lizards
  A leopard gecko skeleton (D:5)
  3 quokka zombies
  22 rats
  A fire vortex (Lair:5)
  A plant (D:3)
628 creatures vanquished.

Vanquished Creatures (others)
  A bush (Lair:5)
  6 fungi
  8 plants
15 creatures vanquished.

Grand Total: 643 creatures vanquished

Notes
Turn   | Place    | Note
-------+----------+-------------------------------------------
     0 | D:1      | Eurus the Mummy Conjurer began the quest for the Orb.
     0 | D:1      | Reached XP level 1. HP: 13/13 MP: 4/4
   178 | D:1      | Reached XP level 2. HP: 18/20 MP: 0/5
   268 | D:1      | Reached skill level 3 in Spellcasting
   518 | D:1      | Reached skill level 1 in Fighting
   523 | D:1      | Learned a level 2 spell: Searing Ray
   730 | D:1      | Reached XP level 3. HP: 26/26 MP: 3/7
  1601 | D:2      | Reached XP level 4. HP: 32/32 MP: 5/9
  2386 | D:2      | Found a basalt altar of Yredelemnul.
  2741 | D:3      | Learned a level 4 spell: Iskenderun's Mystic Blast
  2815 | D:3      | Reached XP level 5. HP: 35/38 MP: 7/10
  3024 | D:3      | Noticed a centaur
  3100 | D:3      | Noticed an ogre
  3111 | D:3      | Killed an ogre
  3111 | D:3      | Reached skill level 4 in Spellcasting
  3202 | D:3      | Found a glowing drain.
  3212 | D:3      | Reached skill level 1 in Armour
  3212 | D:3      | Reached skill level 1 in Translocations
  3214 | D:3      | Reached XP level 6. HP: 41/44 MP: 6/12
  3224 | Sewer    | Entered a sewer
  3251 | Sewer    | Reached skill level 1 in Shields
  4254 | D:3      | HP: 2/44 [centaur/arrow (6)]
  4624 | D:3      | Found a shadowy altar of Dithmenos.
  4770 | D:3      | Reached XP level 7. HP: 50/50 MP: 10/14
  5380 | D:4      | Reached skill level 5 in Spellcasting
  5561 | D:4      | Reached skill level 5 in Conjurations
  5802 | D:4      | Found a bloodstained altar of Trog.
  5889 | D:4      | Noticed Natasha
  5906 | D:4      | Killed Natasha
  6048 | D:4      | Noticed Robin
  6064 | D:4      | Noticed Natasha
  6095 | D:3      | Killed Natasha
  6219 | D:3      | Noticed Natasha
  6225 | D:3      | Killed Natasha
  6620 | D:4      | Killed Robin
  6775 | D:5      | Entered Level 5 of the Dungeon
  6775 | D:5      | Noticed Duvessa
  6776 | D:5      | Noticed Dowan
  6928 | D:4      | Reached XP level 8. HP: 42/56 MP: 3/16
  7223 | D:5      | Found a staircase to the Ecumenical Temple.
  7236 | Temple   | Entered the Ecumenical Temple
  7471 | Temple   | Became a worshipper of Ashenzari the Shackled
  7533 | D:5      | Reached skill level 6 in Spellcasting
  7951 | D:5      | Killed Dowan
  8339 | D:5      | Killed Duvessa
  8824 | D:5      | Noticed Eustachio
  8848 | D:5      | Killed Eustachio
  9554 | D:6      | Noticed Sigmund
  9852 | D:6      | Reached XP level 9. HP: 61/61 MP: 13/19
  9947 | D:6      | Noticed Menkaure
  9953 | D:6      | Killed Menkaure
  9953 | D:6      | Reached skill level 7 in Spellcasting
  9969 | D:6      | Killed Sigmund
 10061 | D:6      | Noticed Blork the orc
 10072 | D:6      | Killed Blork the orc
 11450 | D:7      | Reached * piety under Ashenzari
 11507 | D:7      | Noticed Harold
 11866 | D:7      | Found a runed translucent door.
 11867 | D:7      | Noticed Crazy Yiuf
 11874 | D:7      | Killed Crazy Yiuf
 12052 | D:8      | Found Baos's Gadget Shoppe.
 12229 | D:8      | Reached skill level 8 in Spellcasting
 12448 | D:8      | Noticed Joseph
 12961 | D:8      | Found a staircase to the Lair.
 12972 | D:8      | Found an iron altar of Okawaru.
 13050 | D:8      | Found a blossoming altar of Fedhas.
 13073 | D:8      | Killed Joseph
 13073 | D:8      | Reached XP level 10. HP: 31/67 MP: 10/22
 13200 | D:8      | Noticed Maurice
 13242 | D:8      | HP: 2/67 [something (2)]
 13246 | D:8      | Noticed Erica
 13274 | D:8      | HP: 2/67 [centaur zombie (6)]
 13639 | D:8      | Reached skill level 5 in Shields
 13775 | D:8      | Killed Erica
 13775 | D:8      | Reached skill level 5 in Armour
 13775 | D:8      | Reached skill level 5 in Translocations
 14571 | D:8      | Found a sparkling altar of Nemelex Xobeh.
 14572 | D:8      | Found an opulent altar of Gozag.
 14621 | D:8      | Killed Maurice
 14791 | Lair:1   | Entered Level 1 of the Lair of Beasts
 14808 | Lair:1   | Reached skill level 9 in Spellcasting
 15257 | Lair:1   | Noticed a spiny frog
 15717 | Lair:1   | Killed a spiny frog
 16185 | Lair:2   | Noticed a six-headed hydra
 16438 | Lair:2   | Noticed a black mamba
 16446 | Lair:2   | Killed a black mamba
 16446 | Lair:2   | Reached XP level 11. HP: 61/72 MP: 0/24
 16448 | Lair:2   | Killed a six-headed hydra
 16582 | Lair:2   | Found a glowing golden altar of the Shining One.
 16968 | Lair:2   | Noticed a four-headed hydra
 16981 | Lair:2   | Killed a four-headed hydra
 16981 | Lair:2   | Reached skill level 10 in Spellcasting
 17214 | Lair:2   | Noticed a five-headed hydra
 17225 | Lair:2   | Killed a five-headed hydra
 17640 | Lair:2   | Found a hole to the Spider Nest.
 18793 | Lair:3   | Found a dark tunnel.
 18793 | Lair:3   | Noticed a lindwurm
 19989 | Lair:3   | Reached XP level 12. HP: 46/78 MP: 18/26
 20168 | Lair:3   | Noticed a four-headed hydra
 20178 | Lair:3   | Killed a four-headed hydra
 21004 | Lair:4   | Reached ** piety under Ashenzari
 21028 | Lair:4   | Noticed a death yak
 21458 | Lair:4   | Learned a level 2 spell: Passwall
 21710 | Lair:4   | Learned a level 3 spell: Gell's Gravitas
 21715 | Lair:4   | Learned a level 4 spell: Passage of Golubria
 22640 | Lair:4   | HP: 3/78 [merfolk/boomerang (14)]
 22985 | Lair:4   | Reached skill level 1 in Earth Magic
 23197 | Lair:4   | Found a staircase to the Shoals.
 23212 | Lair:4   | Noticed a death yak
 23238 | Lair:4   | Killed a death yak
 23397 | Lair:4   | Noticed a death yak
 23397 | Lair:4   | Noticed a death yak
 23397 | Lair:4   | Noticed a death yak
 23711 | Lair:4   | Noticed a death yak
 23811 | Lair:3   | Killed a death yak
 24554 | Lair:5   | Noticed Josephine
 24568 | Lair:5   | Killed Josephine
 25633 | Lair:4   | Killed a death yak
 25633 | Lair:4   | Gained mutation: You are in touch with the powers of death.
                  | [Mummy growth]
 25633 | Lair:4   | Reached XP level 13. HP: 29/83 MP: 4/27
 26169 | Lair:5   | Found a viscous altar of Jiyva.
 26170 | Lair:5   | Found a staircase to the Slime Pits.
 26610 | Lair:6   | Entered Level 6 of the Lair of Beasts
 28464 | D:7      | Killed Harold
 29045 | D:9      | Noticed Gastronok
 29081 | D:9      | Killed Gastronok
 29081 | D:9      | Reached skill level 10 in Conjurations
 29477 | D:9      | Reached skill level 1 in Transmutations
 29854 | D:10     | Entered Level 10 of the Dungeon
 32081 | D:11     | Reached *** piety under Ashenzari
 33417 | D:12     | Found a roughly hewn altar of Beogh.
 34296 | D:12     | Found a staircase to the Orcish Mines.
 34510 | D:12     | Reached XP level 14. HP: 95/95 MP: 23/28
 34603 | D:12     | Reached skill level 11 in Spellcasting
 35500 | Orc:1    | Entered Level 1 of the Orcish Mines
 35848 | D:12     | Learned a level 5 spell: Lightning Bolt
 36261 | Orc:1    | Noticed an orc warlord
 36621 | D:12     | Reached skill level 1 in Air Magic
 36660 | D:13     | Reached skill level 5 in Fighting
 36666 | D:13     | Noticed Urug
 36870 | D:13     | Killed Urug
 37040 | D:13     | Found a gate to the Vaults.
 37227 | D:13     | Reached **** piety under Ashenzari
 37410 | D:13     | Noticed Azrael
 37499 | D:12     | HP: 3/98 [fire elemental[Azrael] (9)]
 37501 | D:12     | Slain by a fire elemental

Levels and vault maps discovered:
D:1:      erik_arrival_triangle_medium, layout_rooms,
          minmay_misc_feat_four_crosses, minmay_pentomino_q4
D:2:      layout_loops_ring, lemuel_round_altar, first_ration
D:3:      layout_loops_ring, overflow_temple_1_default, serial_forest,
          infiniplex_forest_corner_2, infiniplex_forest_straight_3,
          infiniplex_forest_lined_2, infiniplex_forest_end_3,
          infiniplex_forest_diagonal, infiniplex_forest_clump_small,
          gup_sewer_entry_glass, minivault_24, chequers_jeans,
          palyth_stone_intersect, kennysheep_donut, saegor_snake_ambush
D:4:      layout_gridville, kennysheep_little_box, uniq_natasha, uniq_robin
D:5:      layout_basic, temple_statues, uniq_eustachio, uniq_duvessa
D:6:      layout_basic, uniq_sigmund, uniq_blork_the_orc, uniq_menkaure
D:7:      layout_gridville, uniq_harold, uniq_crazy_yiuf_cottage
D:8:      layout_cave_pools, grunt_temple_overflow_opulence,
          nicolae_overflow_crystal_walls, nicolae_overflow_hidden_temple,
          lair_entry_dummy, serial_shops, kennysheep_mini, uniq_maurice,
          uniq_joseph, uniq_erica
D:9:      layout_loops_ring, uniq_gastronok
D:10:     layout_gridville, grunt_tengu_nest
D:11:     layout_layer_cave
D:12:     layout_layer_cave, orc_0_dummy, david_defended_altar_orc
D:13:     layout_roguey, david_vaults_2, uniq_urug, uniq_azrael
Temple:   regret_index_temple_generic_petals
Lair:1:   layout_gridlike, grunt_megastairs_4
Lair:2:   layout_misc_corridors, spider_nest_entry_funnel_web, basic_altar,
          eino_small_chamber_without_monster
Lair:3:   cheibrodos_lair_river_kwai, layout_regular_city,
          nicolae_volcano_entry_vermiform, beast_lair_carwin_2,
          infiniplex_staircase_pool
Lair:4:   layout_cave_pods, elwin_shoals_entry_stream, columned_hall_lemuel
Lair:5:   layout_gridlike, slime_altar_1, grunt_forest_large_clearings,
          uniq_josephine
Lair:6:   gammafunk_lair_ancient_temple, layout_layer_cave
Orc:1:    layout_diamond_mine, uniq_nergalle

Skill      XL: |  1  2  3  4  5  6  7  8  9 10 11 12 13 14 |
---------------+-------------------------------------------+-----
Spellcasting   | 3 4 5 6 8 9 10 11 | 11.7
Fighting       | 1 2 4 5 |  5.5
Conjurations   | 4 5 6 7 8 9 10 | 10.7
Armour         | 1 2 3 4 6 7 8 9 |  9.0
Translocations | 1 2 3 4 6 7 8 9 |  9.0
Shields        | 1 2 3 4 6 7 8 9 |  9.8
Earth Magic    | 3 4 |  4.0
Transmutations | 2 |  2.8
Air Magic      | 2 |  2.1
Dodging        | |  1.5
Stealth        | |  1.5

Action                   |  1- 3 |  4- 6 |  7- 9 | 10-12 | 13-15 || total
-------------------------+-------+-------+-------+-------+-------++-------
Melee: Short sword       |    25 |       |       |       |       ||    25
       Unarmed           |     4 |       |       |       |       ||     4
       Dagger            |     4 |     1 |       |       |       ||     5
       Spear             |       |   166 |   154 |   114 |   173 ||   607
 Cast: Magic Dart        |    68 |    20 |    96 |   181 |   199 ||   564
       Searing Ray       |     5 |    13 |   101 |   177 |   194 ||   490
       Iskenderun's Myst |       |       |       |    44 |    51 ||    95
       Passage of Golubr |       |       |       |     2 |       ||     2
Invok: Curse Item        |       |       |     2 |       |     1 ||     3
  Use: Scroll            |       |     9 |     1 |     9 |     5 ||    24
 Stab: Sleeping          |     1 |     2 |     1 |       |       ||     4
Armor: Robe              |    11 |     4 |       |       |       ||    15
       Leather armour    |       |    63 |    93 |    76 |       ||   232
       Ring mail         |       |       |       |    97 |   229 ||   326
Dodge: Dodged            |    37 |    97 |   151 |   185 |   174 ||   644
Block: Buckler           |       |       |    79 |    36 |       ||   115
       Shield            |       |       |       |   187 |   314 ||   501

Table legend:
 A = Non-vault XP
 B = Vault XP
 C = Vault XP percentage of total XP
 D = Non-vault monster count
 E = Vault monster count
 F = Vault count percentage of total count
                 A         B        C        D         E       F
            +---------+---------+-------+---------+---------+-------
      Total |   57268 |   24709 |  30.1 |     472 |     154 |  24.6
            +---------+---------+-------+---------+---------+-------
        D:1 |      58 |       9 |  13.4 |      28 |       4 |  12.5
        D:2 |     115 |       0 |   0.0 |      24 |       0 |   0.0
        D:3 |     411 |      44 |   9.7 |      19 |       6 |  24.0
        D:4 |     501 |      70 |  12.3 |      23 |      12 |  34.3
        D:5 |     746 |     404 |  35.1 |      19 |       3 |  13.6
        D:6 |     661 |     505 |  43.3 |      21 |       3 |  12.5
        D:7 |     727 |    1064 |  59.4 |      21 |       2 |   8.7
        D:8 |    1592 |    1804 |  53.1 |      34 |       3 |   8.1
        D:9 |    2413 |    2224 |  48.0 |      22 |       1 |   4.3
       D:10 |    4079 |     873 |  17.6 |      25 |       1 |   3.8
       D:11 |    3970 |       0 |   0.0 |      37 |       0 |   0.0
       D:12 |    9341 |    1006 |   9.7 |      58 |       4 |   6.5
       D:13 |    5701 |    2674 |  31.9 |      31 |       3 |   8.8
     Lair:1 |    2191 |     383 |  14.9 |      11 |       1 |   8.3
     Lair:2 |    7260 |     831 |  10.3 |      27 |       3 |  10.0
     Lair:3 |    3563 |    2175 |  37.9 |      14 |       8 |  36.4
     Lair:4 |    5906 |    1653 |  21.9 |      18 |       6 |  25.0
     Lair:5 |    5740 |    6889 |  54.5 |      21 |      41 |  66.1
     Lair:6 |     804 |    1929 |  70.6 |       2 |       5 |  71.4
      Orc:1 |    1489 |       0 |   0.0 |      17 |       0 |   0.0
      Sewer |       0 |     172 | 100.0 |       0 |      48 | 100.0
            +---------+---------+-------+---------+---------+-------
